Map: 2000 Atmospheres LE

Players

MeomaikA - Winner!

  • Race: Zerg Zerg

Ranger

  • Race: Protoss Protoss

Event: DreamHack SC2 Masters 2021 Fall

VOD

Have the link to the VOD?

Description

Time

  • Played on: July 28, 2021, 5:35 a.m.
  • Length: 9:31

All games in this series

Show
View Real Time Build Order
Export as new Build Order

MeomaikA Zerg - Winner!

Build Orders: Pool First, Roach Hydra 

Get SALT Encoding   

  12  0:00  Drone  
  13  0:08  Drone  
  14  0:16  Overlord  
  14  0:23  Extractor  
  14  0:24  Drone  
  15  0:34  Drone x2  
  17  0:44  Spawning Pool  
  17  0:46  Drone  
  17  1:08  Hatchery  
  17  1:10  Drone  
  17  1:11  Extractor  
  17  1:15  Drone  
  17  1:31  Zergling x2, Queen, Drone  
  21  1:37  Drone  
  22  1:47  Overlord  
  22  2:05  Drone  
  22  2:07  Queen  
  25  2:09  Drone  
  25  2:11  Metabolic Boost  
  26  2:20  Drone x2  
  28  2:30  Drone  
  28  2:31  Drone  
  30  2:39  Drone x2  
  32  2:45  Drone, Hatchery  
  32  2:48  Drone  
  32  2:51  Drone  
  34  2:56  Overlord  
  34  2:58  Drone  
  35  3:04  Drone  
  36  3:07  Lair  
  36  3:10  Extractor, Drone  
  36  3:14  Overlord  
  36  3:16  Drone  
  36  3:18  Drone  
  38  3:22  Drone  
  38  3:23  Drone  
  38  3:25  Drone  
  41  3:30  Roach Warren  
  41  3:33  Spore Crawler  
  39  3:35  Drone  
  39  3:38  Drone  
  39  3:40  Drone  
  42  3:44  Drone x2  
  42  3:46  Drone  
  45  3:51  Overlord  
  45  3:52  Drone x2  
  47  4:01  Drone x2  
  49  4:03  Overlord  
  49  4:08  Drone x2  
  49  4:09  Drone x2  
  53  4:15  Spore Crawler  
  53  4:16  Extractor  
  50  4:18  Glial Reconstitution, Roach x2  
  50  4:22  Queen  
  56  4:25  Roach  
  56  4:28  Roach  
  56  4:30  Roach  
  63  4:32  Roach  
  65  4:39  Roach x3  
  65  4:42  Overlord  
  71  4:51  Extractor, Hydralisk Den  
  65  4:56  Spore Crawler  
  65  4:57  Drone x2  
  65  4:58  Drone x5  
  71  5:02  Drone x2  
  71  5:04  Drone  
  71  5:05  Drone x2  
  76  5:09  Drone  
  76  5:12  Drone x2  
  76  5:13  Overlord  
  76  5:14  Drone  
  80  5:16  Drone  
  80  5:20  Overlord  
  81  5:22  Muscular Augments  
  81  5:29  Overlord  
  81  5:30  Overlord  
  81  5:31  Drone  
  82  5:36  Hydralisk x2  
  82  5:37  Hydralisk  
  82  5:38  Hydralisk  
  82  5:39  Hydralisk  
  82  5:42  Hydralisk  
  92  5:44  Hydralisk  
  96  5:53  Drone  
  96  5:54  Drone  
  96  5:56  Hatchery, Overlord  
  97  6:00  Evolution Chamber  
  97  6:04  Hydralisk x3  
  92  6:05  Hydralisk  
  92  6:10  Drone x3  
  92  6:11  Extractor  
  100  6:13  Hydralisk  
  102  6:20  Overlord  
  102  6:21  Queen  
  101  6:26  Zerg Missile Weapons Level 1, Overlord x2  
  101  6:27  Drone x3  
  104  6:33  Drone x3  
  104  6:34  Drone  
  104  6:35  Drone x3  
  104  6:36  Drone  
  104  6:39  Grooved Spines  
  112  6:42  Drone  
  112  6:43  Drone  
  112  6:44  Overseer  
  114  6:48  Zergling x2  
  114  6:50  Roach  
  114  6:51  Roach x2  
  114  6:53  Roach  
  123  6:55  Roach  
  123  6:59  Roach  
  123  7:01  Zergling x2  
  128  7:05  Roach  
  128  7:07  Roach  
  132  7:08  Roach  
  132  7:09  Roach x2  
  132  7:12  Overlord  
  132  7:13  Overlord  
  138  7:16  Extractor, Drone  
  138  7:21  Drone x3, Roach  
  144  7:22  Zergling x2  
  144  7:24  Overlord  
  144  7:26  Overlord  
  144  7:28  Zergling x2, Overlord x2  
  144  7:29  Overlord  
  144  7:33  Overlord  
  144  7:43  Hydralisk x5  
  152  7:46  Roach x2  
  152  7:48  Roach x3  
  152  7:50  Roach  
  164  7:51  Roach  
  164  7:53  Roach  
  164  7:56  Roach x2  
  164  7:57  Zergling x4, Hatchery  
  173  7:59  Zergling x4  
  173  8:00  Zergling x2  
  173  8:05  Roach  
  170  8:06  Roach  
  170  8:07  Zergling x2  
  170  8:10  Overseer, Roach  
  171  8:16  Roach  
  171  8:19  Roach  
  177  8:20  Roach x3  
  177  8:21  Zergling x6, Roach  
  177  8:22  Zergling x2  
  177  8:25  Zergling x4, Extractor  
  188  8:28  Zergling x2  
  188  8:29  Zergling x4  
  188  8:33  Zergling x2  
  191  8:36  Zergling x2  
  188  8:43  Zergling x2  
  188  8:46  Zergling x4  
  188  8:47  Zergling x4  
  188  8:50  Zergling x6  
  188  8:53  Zergling x4  
  188  8:54  Zergling x6  
  188  8:55  Zergling x2  
  193  8:57  Roach  
  193  8:58  Roach x2  
  193  8:59  Roach x3  
  192  9:04  Roach  
  192  9:08  Roach x2  
  192  9:09  Roach  
  191  9:10  Overlord, Roach x2  
  191  9:11  Roach  
Show
View Real Time Build Order
Export as new Build Order

Ranger Protoss 

Build Orders: 1 Gate Expand, Oracle Opening 

Get SALT Encoding   

  12  0:00  Probe  
  13  0:12  Probe  
  14  0:19  Pylon  
  14  0:24  Probe  
  15  0:37  Probe (Chrono Boost)  
  15  0:38  Gateway  
  16  0:44  Assimilator  
  16  0:48  Probe (Chrono Boost)  
  17  0:53  Probe (Chrono Boost)  
  18  1:03  Probe  
  19  1:15  Probe  
  20  1:27  Nexus  
  20  1:35  Cybernetics Core  
  20  1:37  Probe  
  21  1:41  Assimilator  
  21  1:46  Pylon  
  21  1:50  Probe  
  22  2:02  Probe  
  23  2:09  Stalker (Chrono Boost)  
  23  2:14  Probe  
  26  2:19  Gateway  
  26  2:20  Warp Gate  
  26  2:26  Probe  
  26  2:28  Gateway  
  27  2:35  Stargate  
  27  2:40  Probe (Chrono Boost)  
  27  2:42  Probe (Chrono Boost)  
  29  2:51  Probe (Chrono Boost)  
  31  2:52  Probe (Chrono Boost)  
  31  2:56  Probe (Chrono Boost)  
  31  2:57  Probe (Chrono Boost)  
  33  3:06  Probe  
  33  3:08  Probe  
  35  3:15  Adept  
  35  3:17  Oracle (Chrono Boost)  
  35  3:18  Probe  
  43  3:20  Probe  
  43  3:25  Pylon  
  44  3:30  Probe  
  44  3:32  Probe  
  44  3:33  Assimilator  
  44  3:35  Assimilator  
  44  3:42  Probe  
  44  3:44  Oracle (Chrono Boost)  
  44  3:45  Adept  
  44  3:46  Probe  
  51  3:52  Pylon  
  51  3:54  Probe  
  52  3:58  Probe  
  53  4:05  Nexus  
  53  4:08  Pylon  
  56  4:20  Shield Battery  
  56  4:22  Probe  
  56  4:23  Probe  
  58  4:28  Twilight Council  
  58  4:29  Forge  
  55  4:32  Gateway  
  55  4:35  Gateway  
  55  4:37  Sentry  
  55  4:38  Sentry  
  59  4:43  Probe x2  
  61  5:03  Probe x2  
  61  5:05  Shield Battery  
  61  5:06  Blink (Chrono Boost)  
  63  5:08  Pylon  
  63  5:09  Protoss Ground Weapons Level 1  
  63  5:11  Shield Battery  
  63  5:12  Stalker x2  
  67  5:23  Shield Battery  
  67  5:24  Pylon  
  67  5:28  Stalker  
  67  5:30  Stalker  
  67  5:35  Stalker x2  
  75  5:42  Probe x2  
  77  5:43  Probe  
  77  5:47  Gateway  
  78  5:52  Gateway  
  78  5:54  Gateway  
  78  5:55  Adept, Phoenix  
  80  5:59  Stalker x2  
  80  6:00  Sentry  
  86  6:08  Probe (Chrono Boost)  
  86  6:10  Probe (Chrono Boost)  
  89  6:11  Probe (Chrono Boost)  
  89  6:15  Assimilator  
  89  6:16  Pylon  
  89  6:18  Pylon  
  90  6:19  Probe (Chrono Boost)  
  90  6:22  Probe (Chrono Boost)  
  88  6:25  Phoenix  
  88  6:27  Probe  
  88  6:30  Stalker x3  
  92  6:35  Photon Cannon  
  92  6:47  Gateway x2  
  92  6:48  Probe  
  92  6:50  Photon Cannon  
  93  7:01  Stalker x4, Robotics Facility  
  93  7:06  Probe  
  93  7:07  Probe x2  
  104  7:10  Assimilator  
  104  7:20  Stalker x2  
  104  7:21  Stalker, Probe (Chrono Boost)  
  109  7:29  Pylon  
  109  7:32  Pylon  
  109  7:39  Probe  
  109  7:40  Probe  
  109  7:42  Probe  
  108  7:48  Nexus  
  108  7:50  Pylon  
  108  7:53  Robotics Bay  
  108  7:55  Probe  
  108  7:57  Stalker x2  
  111  8:06  Immortal (Chrono Boost)  
  111  8:08  Dark Shrine  
  115  8:14  Zealot x2  
  119  8:21  Shield Battery  
  119  8:23  Shield Battery  
  119  8:24  Pylon  
  119  8:29  Pylon  
  119  8:33  Robotics Facility  
  107  8:51  Stalker x2  
  107  8:53  Stalker x2  
  107  8:54  Stalker x4  
  114  8:58  Disruptor (Chrono Boost)  
  107  9:05  Pylon  
  107  9:07  Pylon  
  91  9:12  Stalker  
  91  9:15  Stalker  
  78  9:21  Stalker x3  

Tags
 
Add a new tag
Caveats
  • Supply blocks, unpowered buildings, or Contaminate may cause inaccurate times.
  • Supply counts are checked every 10 seconds.